 Dungeon Crawl Stone Soup version 0.24-a0-459-g225fefd530 (webtiles) character file.

Game seed: 18194764541915712371

142 vurker the Charmwright (level 5, 0/43 HPs)
             Began as a Gnoll Skald on June 30, 2019.
             Killed from afar by an orc wizard (8 damage)
             ... with a magic dart
             ... on level 3 of the Dungeon.
             The game lasted 00:07:09 (2985 turns).

vurker the Charmwright (Gnoll Skald)                Turns: 2985, Time: 00:07:09

Health: 0/43       AC:  5    Str: 13    XL:     5   Next: 25%
Magic:  8/12       EV: 13    Int: 17    God:
Gold:   126        SH:  0    Dex: 14    Spells: 7/14 levels left

rFire    . . .     SeeInvis .   a - +0 hand axe
rCold    . . .     Gourm    .   (no shield)
rNeg     . . .     Faith    .   j - +0 ring mail
rPois    .         Spirit   .   (no helmet)
rElec    .         Reflect  .   (no cloak)
rCorr    .         Harm     .   (no gloves)
MR       .....                  (no boots)
Stlth    +.........             (no amulet)
HPRegen  0.14/turn              (no ring)
MPRegen  0.13/turn              (no ring)

@: no status effects
A: distributed training, fangs 1, strong nose
a: no special abilities


You were on level 3 of the Dungeon.
You were hungry.

You visited 1 branch of the dungeon, and saw 3 of its levels.

You collected 126 gold pieces.

Inventory:

Hand Weapons
 a - a +0 hand axe (weapon)
Armour
 b - a +0 leather armour
 j - a +0 ring mail (worn)
   (You found it on level 2 of the Dungeon)
Magical Staves
 l - an uncursed staff of summoning
   (You found it on level 2 of the Dungeon)
Jewellery
 c - an uncursed ring of stealth {unknown}
   (You found it on level 2 of the Dungeon)
 d - an uncursed ring of wizardry {unknown}
   (You found it on level 1 of the Dungeon)
Scrolls
 g - 4 scrolls of enchant weapon {unknown}
 i - 2 scrolls of teleportation {unknown}
 k - a scroll of identify {unknown}
 m - 2 scrolls of remove curse {unknown}
 p - a scroll of amnesia {unknown}
Potions
 f - a potion of degeneration {unknown}
 h - a potion of lignification {unknown}
Comestibles
 e - 2 rations {!d}
 n - 2 chunks of flesh


   Skills:
 + Level 4.7 Fighting
 + Level 1.4 Short Blades
 + Level 1.4 Long Blades
 + Level 4.7 Axes
 + Level 1.4 Maces & Flails
 + Level 1.4 Polearms
 + Level 1.4 Staves
 + Level 1.4 Slings
 + Level 1.4 Bows
 + Level 1.4 Crossbows
 + Level 1.4 Throwing
 + Level 2.9 Armour
 + Level 4.7 Dodging
 + Level 1.4 Stealth
 + Level 1.4 Shields
 + Level 1.4 Unarmed Combat
 + Level 5.1 Spellcasting
 + Level 1.1 Conjurations
 + Level 1.1 Hexes
 + Level 5.5 Charms
 + Level 1.1 Summonings
 + Level 1.1 Necromancy
 + Level 1.1 Translocations
 + Level 1.1 Transmutations
 + Level 1.1 Fire Magic
 + Level 1.1 Ice Magic
 + Level 1.1 Air Magic
 + Level 1.1 Earth Magic
 + Level 1.1 Poison Magic
 + Level 1.5 Invocations
 + Level 1.4 Evocations


You had 7 spell levels left.
You knew the following spells:

 Your Spells              Type           Power        Failure   Level  Hunger
a - Infusion              Chrm           ###.         3%          1    None
b - Spectral Weapon       Hex/Chrm       ###.....     22%         3    ###....
q - Regeneration          Chrm/Necr      ###.......   22%         3    ###....

Your spell library contained the following spells:

 Spells                   Type           Power        Failure   Level  Hunger
 Song of Slaying          Chrm           ###.....     4%          2    #......
 Shroud of Golubria       Chrm/Tloc      ###...       11%         2    #......


Dungeon Overview and Level Annotations

Branches:
Dungeon (3/15)

Altars:
Zin


Innate Abilities, Weirdness & Mutations

Your experience applies equally to all skills.
You have very sharp teeth.
Your uncanny sense of smell can sniff out nearby items.


Message History

Beogh smites you!
* * * LOW HITPOINT WARNING * * *
You hear some strange, mumbled words.
A magic dart appears from out of thin air!
The magic dart hits you.
* * * LOW HITPOINT WARNING * * *
You are too injured to fight recklessly!
You feel much better.
The orc priest hits your spectral weapon with a +0 morningstar.
Your spectral weapon shares its damage with you!
Your spectral weapon fades away.
You closely miss something. You bite something.
You hear some strange, mumbled words.
Something tries to affect you, but you resist.
The orc wizard casts a spell at you. You resist with some effort.
You miss something. You barely miss the orc priest.
Something barely misses you.
The orc wizard gestures wildly while chanting.
The orc wizard blinks!
The orc priest hits you with a +0 morningstar.
The hobgoblin hits you but does no damage.
You closely miss the orc priest. You closely miss something.
You barely miss the hobgoblin. Something hits you but does no damage.
The orc priest barely misses you. The hobgoblin hits you with a +0 club.
Something hits you.
You draw out your weapon's spirit!
The hobgoblin barely misses you.
The orc priest calls down the wrath of Beogh upon you.
Beogh smites you!
* * * LOW HITPOINT WARNING * * *
Something hits you but does no damage.
You hit the orc priest. You hit the hobgoblin. You hit something.
Your spectral weapon hits the orc priest.
Your spectral weapon closely misses something.
The orc priest closely misses you. Something hits you.
* * * LOW HITPOINT WARNING * * *
The hobgoblin hits you with a +0 club.
* * * LOW HITPOINT WARNING * * *
You hit the orc priest. You closely miss something.
You hit the hobgoblin but do no damage.
Your spectral weapon hits the orc priest.
You kill the orc priest!
You have reached level 5!
Your spectral weapon hits something.
You hear some strange, mumbled words.
A magic dart appears from out of thin air!
The magic dart hits you!
You die...

#.#####.######<
............... ### #
##..# ..
#..##...######.#
#.................#
#...#####..########
#..##._.##...#
#...##'##..#.#
#..g@)o....#.########
#..8{(...8.#.##......
........8.8...#.##......
#.............#.##......
...#.#......>.#.##......
#. #.#.######.#.##......
. # #.#......#.##......
#.#.#####.......... #.
#..........


You could see an orc wizard, a hobgoblin and a friendly spectral +0 hand axe.

Vanquished Creatures
  An orc priest (D:3)
  2 adders
  An ooze (D:1)
  3 worms
  4 dart slugs
  3 leopard geckos
  2 orcs (D:3)
  2 ball pythons
  4 giant cockroaches
  3 goblins
  9 hobgoblins
  8 jackals (D:1)
  4 bats
  2 frilled lizards (D:1)
  8 kobolds
  14 rats
70 creatures vanquished.

Vanquished Creatures (others)
  A spectral weapon (D:3)
1 creature vanquished.

Grand Total: 71 creatures vanquished

Notes
Turn   | Place    | Note
-------+----------+-------------------------------------------
     0 | D:1      | vurker the Gnoll Skald began the quest for the Orb.
     0 | D:1      | Reached XP level 1. HP: 20/20 MP: 6/6
   176 | D:1      | Reached XP level 2. HP: 21/26 MP: 7/7
   610 | D:1      | Reached XP level 3. HP: 29/31 MP: 9/9
   615 | D:1      | Learned a level 3 spell: Regeneration
   619 | D:1      | Learned a level 3 spell: Spectral Weapon
   675 | D:1      | Reached skill level 5 in Spellcasting
   866 | D:1      | Reached skill level 1 in Invocations
  1622 | D:2      | Reached skill level 1 in Short Blades
  1622 | D:2      | Reached skill level 1 in Long Blades
  1622 | D:2      | Reached skill level 1 in Maces & Flails
  1622 | D:2      | Reached skill level 1 in Polearms
  1622 | D:2      | Reached skill level 1 in Staves
  1622 | D:2      | Reached skill level 1 in Slings
  1622 | D:2      | Reached skill level 1 in Bows
  1622 | D:2      | Reached skill level 1 in Crossbows
  1622 | D:2      | Reached skill level 1 in Throwing
  1622 | D:2      | Reached skill level 1 in Stealth
  1622 | D:2      | Reached skill level 1 in Shields
  1622 | D:2      | Reached skill level 1 in Unarmed Combat
  1622 | D:2      | Reached skill level 1 in Evocations
  1627 | D:2      | Reached XP level 4. HP: 27/38 MP: 1/11
  2671 | D:3      | Reached skill level 1 in Conjurations
  2671 | D:3      | Reached skill level 1 in Hexes
  2671 | D:3      | Reached skill level 1 in Summonings
  2671 | D:3      | Reached skill level 1 in Necromancy
  2671 | D:3      | Reached skill level 1 in Translocations
  2671 | D:3      | Reached skill level 1 in Transmutations
  2671 | D:3      | Reached skill level 1 in Fire Magic
  2671 | D:3      | Reached skill level 1 in Ice Magic
  2671 | D:3      | Reached skill level 1 in Air Magic
  2671 | D:3      | Reached skill level 1 in Earth Magic
  2671 | D:3      | Reached skill level 1 in Poison Magic
  2952 | D:3      | Found a glowing silver altar of Zin.
  2985 | D:3      | Reached XP level 5. HP: 8/43 MP: 8/12
  2985 | D:3      | Killed from afar by an orc wizard

Levels and vault maps discovered:
D:1:      scummos_arrival_simple_fountains, layout_loops_corners,
          minmay_misc_feat_plants
D:2:      layout_basic
D:3:      layout_basic, lemuel_crystal_altar, zin_statuary

Skill      XL: |  1  2  3  4 |
---------------+-------------+-----
Spellcasting   | 5 |  5.1
Invocations    | 1 |  1.5
Short Blades   | 1 |  1.4
Long Blades    | 1 |  1.4
Maces & Flails | 1 |  1.4
Polearms       | 1 |  1.4
Staves         | 1 |  1.4
Slings         | 1 |  1.4
Bows           | 1 |  1.4
Crossbows      | 1 |  1.4
Throwing       | 1 |  1.4
Stealth        | 1 |  1.4
Shields        | 1 |  1.4
Unarmed Combat | 1 |  1.4
Evocations     | 1 |  1.4
Conjurations   | 1 |  1.1
Hexes          | 1 |  1.1
Summonings     | 1 |  1.1
Necromancy     | 1 |  1.1
Translocations | 1 |  1.1
Transmutations | 1 |  1.1
Fire Magic     | 1 |  1.1
Ice Magic      | 1 |  1.1
Air Magic      | 1 |  1.1
Earth Magic    | 1 |  1.1
Poison Magic   | 1 |  1.1
Fighting       | |  4.7
Axes           | |  4.7
Armour         | |  2.9
Dodging        | |  4.7
Charms         | |  5.5

Action                   |  1- 3 |  4- 6 || total
-------------------------+-------+-------++-------
Melee: Hand axe          |   108 |   119 ||   227
       Bite              |     9 |    14 ||    23
       Punch             |     1 |       ||     1
 Cast: Infusion          |     1 |     1 ||     2
       Spectral Weapon   |     1 |     3 ||     4
  Use: Potion            |       |     2 ||     2
 Stab: Sleeping          |     2 |     1 ||     3
  Eat: Chunk             |     1 |     2 ||     3
       Ration            |     1 |       ||     1
Armor: Leather armour    |    18 |       ||    18
       Ring mail         |     3 |    36 ||    39
Dodge: Dodged            |    72 |    65 ||   137

Table legend:
 A = Non-vault XP
 B = Vault XP
 C = Vault XP percentage of total XP
 D = Non-vault monster count
 E = Vault monster count
 F = Vault count percentage of total count
                 A         B        C        D         E       F
            +---------+---------+-------+---------+---------+-------
      Total |     204 |       0 |   0.0 |      70 |       0 |   0.0
            +---------+---------+-------+---------+---------+-------
        D:1 |      71 |       0 |   0.0 |      36 |       0 |   0.0
        D:2 |      59 |       0 |   0.0 |      24 |       0 |   0.0
        D:3 |      74 |       0 |   0.0 |      10 |       0 |   0.0
            +---------+---------+-------+---------+---------+-------
